 Dungeon Crawl Stone Soup version 0.30-a0-168-g0b976cbdc4 (webtiles) character file.

Game seed: 8236484843258219812

40 Pooter the Chopper (level 3, 0/33 HPs)
             Began as a Minotaur Berserker on Sept 29, 2022.
             Was a Follower of Trog.
             Slain by an endoplasm (1 damage)
             ... on level 2 of the Dungeon.
             The game lasted 00:02:30 (1091 turns).

Pooter the Chopper (Minotaur Berserker)             Turns: 1091, Time: 00:02:30

Health: 0/33       AC:  5    Str: 23    XL:     3   Next: 30%
Magic:  2/2        EV: 11    Int:  4    God:    Trog [*.....]
Gold:   37         SH:  0    Dex:  9    Spells: 2/2 levels left

rFire   . . .      SeeInvis .    a - +0 hand axe
rCold   . . .      Faith    .    (no shield)
rNeg    . . .      Spirit   .    g - +0 ring mail
rPois   .          Reflect  .    (helmet restricted)
rElec   .          Harm     .    (no cloak)
rCorr   .          Rampage  .    (no gloves)
Will    .....                    (no boots)
Stlth   ..........               (no amulet)
HPRegen 0.11/turn                (no ring)
MPRegen 0.08/turn                (no ring)

@: on berserk cooldown, slowed, very slow
A: horns 2, retaliatory headbutt
a: Renounce Religion, Berserk


You were on level 2 of the Dungeon.
You worshipped Trog.
Trog was aware of your devotion.
You visited 1 branch of the dungeon, and saw 2 of its levels.

You collected 37 gold pieces.

Inventory:

Hand Weapons
 a - a +0 hand axe (weapon)
Missiles
 Q - 5 stones (quivered)
Armour
 g - a +0 ring mail (worn)
   (You found it on level 1 of the Dungeon)
Scrolls
 c - a scroll of enchant armour {unknown}
 d - a scroll of identify {unknown}
 e - a scroll of butterflies {unknown}
Potions
 f - a potion of might {unknown}


   Skills:
 + Level 4.2 Fighting
 * Level 4.9 Axes
 - Level 2.4 Armour
 - Level 2.1 Dodging


You had 2 spell levels left.
You didn't know any spells.
Your spell library was empty.

Dungeon Overview and Level Annotations

Branches:
Dungeon (2/15)

Altars:


Innate Abilities, Weirdness & Mutations

You have a pair of horns on your head.
You reflexively headbutt those who attack you in melee.


Message History

You barely miss Robin. You miss the goblin. You hit the goblin.
You kill the goblin!
Trog accepts your kill.
You barely miss Robin. You closely miss the goblin.
The goblin closely misses you. Robin hits you with a +0 club.
You barely miss Robin. You closely miss the goblin. You barely miss the goblin.
The goblin completely misses you. The goblin barely misses you.
You barely miss Robin. You headbutt Robin. You slash the goblin!
You kill the goblin!
Trog accepts your kill.
You closely miss the goblin. The goblin hits you with a +0 club.
Robin says, "Kneel, worm!"
Robin hits you with a +0 club.
You hit Robin. You barely miss the goblin. You closely miss the rat.
You are no longer berserk.
You are exhausted.
You feel yourself slow down. The goblin hits you with a +0 club.
* * * LOW HITPOINT WARNING * * *
The rat bites you but does no damage. Robin hits you with a +0 club.
* * * LOW HITPOINT WARNING * * *
You hit Robin but do no damage. You hit the goblin.
You kill the goblin!
Trog accepts your kill.
You hit the rat.
You kill the rat!
Trog accepts your kill.
Robin's bangles clink loudly.
Robin hits you with a +0 club.
* * * LOW HITPOINT WARNING * * *
You hit Robin. You headbutt Robin. You hit the goblin but do no damage.
The goblin hits you with a +0 dagger.
* * * LOW HITPOINT WARNING * * *
Robin barely misses you. The goblin hits you but does no damage.
Robin hits you but does no damage.
You closely miss Robin. You hit the goblin.
You kill the goblin!
Trog accepts your kill. Robin hits you but does no damage.
Unknown command.
You slash Robin!
You kill Robin!
Trog accepts your kill.
You hit the endoplasm. The endoplasm freezes you.
You are frozen.
* * * LOW HITPOINT WARNING * * *
The endoplasm jiggles.
The endoplasm hits you.
You die...

....... ..r....
....... .......
......#
#.##########.......
......J@)).........
#.######)).<.......
#..............
[........)...?..
........#######..
######### #


You could see an endoplasm.

Vanquished Creatures
  Robin (D:2)
  2 dart slugs (D:1)
  A ball python (D:1)
  A bat (D:1)
  A giant cockroach (D:1)
  13 goblins
  2 hobgoblins (D:1)
  2 jackals (D:1)
  A frilled lizard (D:1)
  2 kobolds (D:1)
  6 rats
32 creatures vanquished.

Notes
Turn   | Place    | Note
-------+----------+-------------------------------------------
     0 | D:1      | Pooter the Minotaur Berserker began the quest for the Orb.
     0 | D:1      | Reached XP level 1. HP: 19/19 MP: 0/0
   302 | D:1      | Reached XP level 2. HP: 26/27 MP: 1/1
   832 | D:1      | Reached XP level 3. HP: 30/33 MP: 2/2
  1074 | D:2      | Noticed Robin
  1091 | D:2      | Killed Robin
  1091 | D:2      | HP: 1/33 [frozen (5)]
  1091 | D:2      | Slain by an endoplasm

Illustrated notes

Levels and vault maps discovered:
D:1:      minmay_arrival_stone_box, layout_loops_corners
D:2:      layout_rooms, hellmonk_ecumenical_altar_watching_god, uniq_robin,
          uniq_sigmund

Skill      XL: |  1  2 |
---------------+-------+-----
Axes           | 4 |  4.9
Fighting       | 4 |  4.2
Armour         | |  2.4
Dodging        | |  2.1

Action                   || total
-------------------------++-------
Melee: Hand axe          ||    53
       Headbutt          ||     6
Invok: Berserk           ||     2
Armor: Animal skin       ||     3
       Ring mail         ||     8
Dodge: Dodged            ||    34

Table legend: (Time is in decaauts)
 A = Elapsed time spent in this place.
 B = Non-inter-level travel time spent in this place.
 C = Inter-level travel time spent in this place.
 D = Time resting spent in this place.
 E = Time spent auto-exploring this place.
 F = Levels seen in this place.
 G = Mean time per level.
                   A        B        C        D        E       F      G
               +--------+--------+--------+--------+--------+-----+--------+
         Total |   1107 |   1086 |     21 |    147 |    778 |   2 |  553.5 |
       Dungeon |   1107 |   1086 |     21 |    147 |    778 |   2 |  553.5 |
               +--------+--------+--------+--------+--------+-----+--------+

Top non-repeatable levels by time:
     D:1: 1091 daAuts
     D:2: 15 daAuts
